Get step-by-step instructions on how to execute this build order below. Start the game timer, and the build order will tick by so you can play in parallel with StarCraft on a second screen or mobile device.

Game Time

  0:00

Last Step

  N/A

Next Step

Upcoming Step



Don't want to look back and forth between 2 screens? Try out our Overwolf App, the Spawning Tool Build Advisor to get an in-game overlay with this build!

Complete Build Order

  12  0:00  SCV  
  13  0:12  SCV  
  14  0:18  Supply Depot  
  14  0:25  SCV  
  15  0:40  Barracks, SCV  
  16  0:44  Refinery  
  16  0:52  SCV  
  17  1:04  SCV  
  18  1:16  SCV  
  19  1:27  Reaper  
  19  1:29  Orbital Command  
  20  1:39  Command Center  
  20  1:49  Supply Depot  
  20  1:55  SCV  
  21  2:04  Factory  
  21  2:07  SCV  
  22  2:13  Refinery  
  22  2:18  Bunker  
  22  2:19  SCV  
  23  2:30  Barracks Reactor  
  23  2:31  SCV  
  24  2:43  SCV  
  25  2:55  SCV  
  25  2:57  Orbital Command  
  26  3:02  Cyclone  
  28  3:08  SCV  
  28  3:09  Marine  
  28  3:10  Marine  
  30  3:13  Factory  
  30  3:20  SCV  
  30  3:24  SCV  
  32  3:27  Marine x2  
  32  3:32  SCV  
  35  3:36  Factory Tech Lab, SCV  
  36  3:44  Command Center, SCV  
  37  3:48  SCV  
  38  3:57  SCV  
  38  3:58  Cyclone  
  38  3:59  Hurricane Engines  
  38  4:00  SCV  
  38  4:01  Factory  
  42  4:09  Supply Depot, SCV  
  43  4:12  SCV, Supply Depot  
  44  4:21  SCV  
  44  4:22  Refinery  
  44  4:23  Refinery  
  45  4:24  SCV  
  46  4:33  SCV  
  46  4:35  Cyclone x2  
  46  4:37  Cyclone, SCV  
  54  4:39  Barracks Reactor  
  54  4:45  SCV  
  55  4:49  SCV  
  55  4:51  Supply Depot  
  56  4:57  Orbital Command, SCV  
  56  4:58  Factory Reactor  
  57  5:01  SCV  
  58  5:09  SCV  
  58  5:13  Cyclone, SCV  
  58  5:14  Cyclone x2  
  31  5:37  SCV  
  30  5:52  SCV  
  26  6:10  SCV x2  
  28  6:15  Cyclone x2  
  32  6:20  Cyclone  
  34  6:26  Bunker  
  34  6:27  SCV x2  
  34  6:28  SCV  
  39  6:32  Cyclone  
  39  6:33  Cyclone  
  39  6:39  SCV x2  
  43  6:40  SCV  
  44  6:51  SCV  
  44  6:52  Cyclone x3, SCV x2  
  53  7:03  SCV  
  53  7:04  SCV x2  
  53  7:06  Cyclone x2  
  60  7:16  SCV x3  
  51  7:24  Cyclone x2  
  51  7:25  Cyclone  
  38  7:38  Cyclone x2  
  25  8:08  SCV x3